 Dungeon Crawl Stone Soup version 0.30.1-3-gfc49f6343a (webtiles) character file.

Game seed: 6015192508028773118

39 Destapler the Insei (level 3, 26/26 HPs)
             Began as a Demonspawn Transmuter on July 30, 2023.
             Was a Follower of Uskayaw.
             Got out of the dungeon alive.
             The game lasted 00:03:03 (1103 turns).

Destapler the Insei (Demonspawn Transmuter)         Turns: 1103, Time: 00:03:03

Health: 26/26      AC:  2    Str: 10    XL:     3   Next: 26%
Magic:  6/6        EV: 12    Int: 16    God:    Uskayaw [*.....]
Gold:   55         SH:  0    Dex: 13    Spells: 3/6 levels left

rFire   . .          .
                       - Unarmed
rCold   . . .        (no shield)
rNeg    . . .        a - +0 robe
rPois   .            (no helmet)
rElec   .            (no cloak)
rCorr   .            (no gloves)
SInv    .            (no boots)
Will    .....        (no amulet)
Stlth   ++           (no ring)
HPRegen 0.24/turn    (no ring)
MPRegen 0.10/turn

%: no passive effects
@: no status effects
A: demonic guardian 1
a: Renounce Religion, Stomp


You escaped.
You worshipped Uskayaw.
Uskayaw was noncommittal.
You visited 1 branch of the dungeon, and saw 1 of its levels.

You collected 55 gold pieces.

Inventory:

Armour
 a - a +0 robe (worn)
Scrolls
 c - a scroll of summoning {unknown}
 d - a scroll of identify {unknown}
 e - 2 scrolls of teleportation {unknown}
Potions
 b - a potion of lignification
 f - a potion of attraction {unknown}
 g - a potion of magic {unknown}


   Skills:
 + Level 1.5 Fighting
 - Level 2.0 Dodging
 + Level 1.0 Stealth
 - Level 3.0 Unarmed Combat
 + Level 2.3 Spellcasting
 + Level 2.1 Transmutations


You had 3 spell levels left.
You knew the following spells:

 Your Spells              Type           Power      Damage    Failure   Level
a - Beastly Appendage     Tmut           16%        N/A       9%          1
b - Wereblood             Tmut           8%         N/A       12%         2

Your spell library contained the following spells:

 Spells                   Type           Power      Damage    Failure   Level
 Spider Form              Tmut/Pois      5%         N/A       36%         3
 Ice Form                 Ice/Tmut       5%         N/A       77%         4


Dungeon Overview and Level Annotations

Branches:
Dungeon (1/15)

Altars:
Uskayaw

Shops:
D:1 (


Innate Abilities, Weirdness & Mutations

A weak demonic guardian rushes to your aid.


Message History

The giant cockroach is almost dead.
The giant cockroach bites you. The giant cockroach closely misses you.
You hit the giant cockroach.
You kill the giant cockroach!
No target in view!
Your horns disappear.
Your talons disappear.
e - 2 scrolls labelled EGIROV YPRA (gained 1)
A ball python comes into view.
Found 10 gold pieces.
A ball python is nearby!
You grow a pair of large bovine horns.
Your feet morph into talons.
The ball python hisses angrily.
You barely miss the ball python. You headbutt the ball python.
You kill the ball python!
No target in view!
No target in view!
Your transformation is almost over.
You now have 55 gold pieces (gained 10).
Your horns disappear.
Your talons disappear.
You see here a ball python corpse.
You see here 5 stones.
You see here 5 stones.
Found a faded altar of an unknown god.
Found a robe.
You enter the shallow water.
Moving in this stuff is going to be slow.
There is a faded altar of an unknown god here.
This altar belongs to (a) Uskayaw, (b) Kikubaaqudgha or (c) Cheibriados, but you can't tell which.
Press the corresponding letter to learn more about a god, or press enter to convert or escape to cancel.
Uskayaw accepts your prayer! Uskayaw welcomes you!
You can now stomp with the beat.
There is a stone staircase leading down here.
Done exploring.
(D) Dungeon
Where to? (? - help)
Okay, then.
You see here 5 stones.
There is a staircase leading out of the dungeon here.
Are you sure you want to leave the Dungeon?
This will make you lose the game!
You have escaped!

########### #.......# #.......(.#
####.##.#
####.........###############.##.†
.............'.................>.
####.........###############.##..
###..........# #.##..
#.#..........# #############.##..
#.#..........# #...+...##....##..
#.#..........# #@#.#.#.##.#..##..
#.#.#.############.#.####.#......
#.......# #.........#.##.....
#######.##### #.##...##.#.#####.#
............# #..#...#..#.# #..
#######.#.#.######...####.# #.#
#........# ##..####.#####.. ###
#.#.#....# ##...##.#.....# ..#
#......#.### ###......###..


There were no monsters in sight!

Vanquished Creatures
  A dart slug (D:1)
  4 ball pythons (D:1)
  6 bats (D:1)
  3 endoplasms (D:1)
  4 giant cockroaches (D:1)
  A hobgoblin (D:1)
  3 jackals (D:1)
  2 quokkas (D:1)
  A frilled lizard (D:1)
  7 kobolds (D:1)
  3 rats (D:1)
35 creatures vanquished.

Vanquished Creatures (collateral kills)
  A bat (D:1)
1 creature vanquished.

Grand Total: 36 creatures vanquished

Notes
Turn   | Place    | Note
-------+----------+-------------------------------------------
     0 | D:1      | Destapler the Demonspawn Transmuter began the quest for the
                  | Orb.
     0 | D:1      | Reached XP level 1. HP: 15/15 MP: 3/3
    88 | D:1      | Gained mutation: A weak demonic guardian rushes to your
                  | aid. [demonic ancestry]
    88 | D:1      | Reached XP level 2. HP: 21/21 MP: 3/5
   168 | D:1      | Found Xuigebeb's Weapon Emporium.
   464 | D:1      | Reached XP level 3. HP: 23/26 MP: 4/6
   474 | D:1      | Learned a level 2 spell: Wereblood
   648 | D:1      | Reached skill level 3 in Unarmed Combat
   668 | D:1      | Reached skill level 1 in Stealth
   957 | D:1      | Found a faded altar of an unknown god.
   964 | D:1      | Prayed at the altar of an unknown god.
   964 | D:1      | Became a worshipper of Uskayaw the Reveller
   964 | D:1      | Reached * piety under Uskayaw
  1103 | D:$      | Got out of the dungeon alive.

Illustrated notes

Levels and vault maps discovered:
D:1:      onia_arrival_mini_spirals, layout_basic, serial_glass,
          glass_columns_c, glass_columns_a, glass_columns_b, glass_columns_a,
          glass_columns_a, glass_columns_a, glass_columns_b, glass_columns_a,
          dreamdust_ecumenical_altar_hidden_monk_grotto, serial_shops, shop,
          nicolae_figureground_sparkle

Skill      XL: |  1  2  3 |
---------------+----------+-----
Dodging        | 2 |  2.0
Transmutations | 2 |  2.1
Unarmed Combat | 3 |  3.0
Stealth        | 1 |  1.0
Fighting       | |  1.5
Spellcasting   | |  2.3

Action                     || total
---------------------------++-------
  Melee: Unarmed           ||    77
         Headbutt          ||    11
         Kick              ||    10
         Punch             ||     1
   Cast: Beastly Appendage ||    20
   Stab: Sleeping          ||     1
 Armour: Robe              ||    15
  Dodge: Dodged            ||    51
